 Dungeon Crawl Stone Soup version 0.27.1-33-g824d729ab1 (console) character file.

Game seed: 969345611158475366

149 Banquo the Cutter (level 5, -9/40 HPs)
             Began as a Djinni Chaos Knight on Dec 27, 2021.
             Was a Plaything of Xom.
             Killed from afar by a white imp (13 damage)
             ... with a puff of frost
             ... summoned by Natasha
             ... on level 2 of the Dungeon.
             The game lasted 00:05:19 (1685 turns).

Banquo the Cutter (Djinni Chaos Knight)             Turns: 1685, Time: 00:05:21

Health: -9/40      AC:  5    Str: 11    XL:     5   Next: 56%
Gold:   45         EV: 11    Int: 15    God:    Xom [......] SH:  0 Dex: 12

rFire    + + .     SeeInvis .   a - +0 short sword (chaos)
rCold    x . .     Faith    .   (no shield)
rNeg     . . .     Spirit   .   b - +2 leather armour
rPois    ∞         Reflect  .   (no helmet)
rElec    .         Harm     .   (no cloak)
rCorr    .         Rampage  .   (no gloves)
Will     .....                  (boots unavailable)
Stlth    +.........             (no amulet)
HPRegen  0.13/turn              (no ring)
MPRegen  0.00/turn              (no ring)

@: flying
A: sickness immunity, fire resistance 2, cold vulnerability 1, float, innate
caster, hp casting, extra vitality 1
a: Renounce Religion


You were on level 2 of the Dungeon.
You worshipped Xom.
You were a very special plaything of Xom.
You visited 1 branch of the dungeon, and saw 2 of its levels.

You collected 45 gold pieces.

Inventory:

Hand Weapons
 a - a +0 short sword of chaos (weapon)
Missiles
 d - 85 stones (quivered)
Armour
 b - a +2 leather armour (worn)
Scrolls
 c - 2 scrolls of immolation {unknown}
 f - a scroll of fear {unknown}
 h - a scroll of identify {unknown}


   Skills:
 - Level 3.0 Fighting
 + Level 4.2 Short Blades
 * Level 2.6 Armour
 - Level 2.1 Dodging
 * Level 1.3 Spellcasting


You had 3 spell levels left.
You knew the following spells:

 Your Spells              Type           Power      Damage    Failure   Level
a - Magic Dart            Conj           16%        1d3       19%         1
b - Slow                  Hex            4%         N/A       28%         2
Your spell library was empty.

Dungeon Overview and Level Annotations

Branches:
Dungeon (2/15)

Altars:

Annotations:
D:2 Natasha


Innate Abilities, Weirdness & Mutations

You are immune to sickness and miasma.
You are immune to poison.
Your flesh is very heat resistant. (rF++)
You are vulnerable to cold. (rC-)
You float through the air rather than walking.
You learn spells naturally, not from books.
Your magical power is your life essence.
You have superior vitality. (+4 HP)


Message History

Unknown command.
You hit the kobold but do no damage.
The kobold is severely wounded.
The kobold barely misses you.
You hit the kobold.
You kill the kobold!
You start resting.
Natasha, Servant of Life and Death comes into view.
Casting: Magic Dart (safe; 19% risk of failure)
Confirm with . or Enter, or press ? or * to list all spells.
Aiming: Magic Dart (safe; 19% risk of failure)
Press: ? - help, Shift-Dir - straight line, f - Natasha
Aim: Natasha (100% to hit)
The magic dart hits Natasha.
Natasha is lightly wounded.
Casting: Magic Dart (safe; 19% risk of failure)
Confirm with . or Enter, or press ? or * to list all spells.
Aiming: Magic Dart (safe; 19% risk of failure)
Press: ? - help, Shift-Dir - straight line, f/p - Natasha
Aim: Natasha (lightly wounded, 100% to hit)
The magic dart hits Natasha but does no damage.
Natasha is lightly wounded.
Natasha casts a spell.
Unknown command.
It was a potion of curing.
You feel better.
Xom roars with laughter!
Natasha casts a spell at you. The magic dart hits you.
The white imp gestures at you. The puff of frost hits you!
You feel a terrible chill!
* * * LOW HITPOINT WARNING * * *
You barely miss Natasha.
Natasha is lightly wounded.
Natasha mumbles some strange words.
Natasha glows brightly for a moment.
Natasha closely misses you. The white imp gestures at you.
The puff of frost hits you!
You feel a terrible chill!
You die...
Xom cackles wildly!

..######
......# #.....#
#.....# #.....#
#.....# #.....#
#.....##
#....@5###
#....h...#
#.....##.#
#####.##.## #.
#..)..#
##..####
####..#
........ #...h.
.......<
####.#.........
.......####


You could see Natasha and a white imp (summoned).

Vanquished Creatures
  A queen bee (shapeshifter) (D:2)
  Natasha (D:2)
  3 dart slugs
  An orc (D:2)
  4 endoplasms
  3 giant cockroaches
  3 goblins
  5 jackals
  4 kobolds
  2 quokkas (D:1)
  3 ball pythons
  5 bats
  A frilled lizard (D:1)
  3 rats (D:1)
39 creatures vanquished.

Notes
Turn   | Place    | Note
-------+----------+-------------------------------------------
     0 | D:1      | Banquo the Djinni Chaos Knight began the quest for the Orb.
     0 | D:1      | Reached XP level 1. HP: 20/20 MP: 0/0
    81 | D:1      | Reached skill level 3 in Short Blades
   123 | D:1      | XOM: silly message
   222 | D:1      | Reached XP level 2. HP: 25/25 MP: 0/0
   356 | D:1      | XOM: silly message
   639 | D:1      | XOM: noise
   651 | D:1      | Reached XP level 3. HP: 30/30 MP: 0/0
   651 | D:1      | Learned a level 1 spell: Magic Dart
   881 | D:1      | Found a faded altar of an unknown god.
  1586 | D:2      | XOM: noise
  1593 | D:2      | Noticed a shapeshifter
  1593 | D:2      | a kobold changed into a shapeshifter
  1593 | D:2      | Noticed a queen bee
  1593 | D:2      | a shapeshifter changed into a queen bee
  1595 | D:2      | XOM: divine lightning
  1597 | D:2      | Killed a queen bee
  1598 | D:2      | Reached skill level 4 in Short Blades
  1598 | D:2      | Reached skill level 1 in Spellcasting
  1598 | D:2      | Reached XP level 4. HP: 22/35 MP: 0/0
  1598 | D:2      | Reached XP level 5. HP: 25/40 MP: 0/0
  1598 | D:2      | Learned a level 2 spell: Slow
  1605 | D:2      | Noticed Natasha
  1623 | D:2      | Killed Natasha
  1675 | D:2      | Noticed Natasha
  1685 | D:2      | Killed from afar by a white imp

Illustrated notes

Levels and vault maps discovered:
D:1:      erik_arrival_cave_to_civilisation [erik_arrival_cave_to_hall],
          layout_rooms, shapermc_ecumenical_altar_hornbeckon
D:2:      layout_rooms, hangedman_feature_mirror, uniq_natasha

Skill      XL: |  1  2  3 |
---------------+----------+-----
Short Blades   | 3 4 |  4.2
Armour         | 2 |  2.6
Spellcasting   | 1 |  1.3
Fighting       | |  3.0
Dodging        | |  2.1

Action                   |  1- 3 |  4- 6 || total
-------------------------+-------+-------++-------
Melee: Short sword       |    80 |    25 ||   105
 Cast: Magic Dart        |    22 |     2 ||    24
  Use: Scroll            |     1 |       ||     1
       Potion            |       |     2 ||     2
Armor: Leather armour    |    28 |     9 ||    37
       Skin              |       |    13 ||    13
Dodge: Dodged            |    44 |    14 ||    58
